 Dungeon Crawl Stone Soup version 0.29.1-2-gbd0b4ee654 (webtiles) character file.

Game seed: 1790889740012158859

252930 qeuew the Warrior (level 19, -6/176 HPs)
             Began as a Merfolk Gladiator on Nov 14, 2022.
             Was the Champion of Ashenzari.
             Mangled by a rockslime (41 damage)
             ... on level 4 of the Pits of Slime.
             The game lasted 01:22:23 (46500 turns).

qeuew the Warrior (Merfolk Gladiator)              Turns: 46500, Time: 01:22:28

Health: -6/176     AC:  8    Str: 25    XL:     19   Next: 70%
Magic:  19/19      EV: 32    Int:  6    God:    Ashenzari [******]
Gold:   2229       SH: 25    Dex: 32    Spells: 17/19 levels left

rFire   + . .      SeeInvis +   v - +8 spear "Gaze Upon Infinity" {pain, rN+ Will++ rCorr, Cun, Evo} (curse)
rCold   + . .      Faith    .   b - +5 kite shield "At What Cost Knowledge?" {rN+, Range, Melee} (curse)
rNeg    + + +      Spirit   .   L - +0 storm dragon scales of Ashenzari's Dismay {+Inv rElec rN+ Will+, Fort, Evo} (curse)
rPois   .          Reflect  +   c - +0 helmet "Gaze Upon Infinity" {Cun, Bglg} (curse)
rElec   +          Harm     .   s - scarf of the Shattered God {rC+ rF+, Evo, Melee} (curse)
rCorr   +          Rampage  .   M - +0 pair of gloves of the Esoteric Failure {Dex+3, Cun, Self} (curse)
Will    ++++.      Clarity  +   r - +0 pair of boots "Lashed Bitterness" {Cun, Bglg} (curse)
Stlth   ..........              x - amulet "Esoteric Incredulity" {Reflect SH+5, Self, Evo} (curse)
HPRegen 0.39/turn               N - ring of the Fated Paranoia {*Slow rCorr Str+6 Dex+4 Slay+6, Comp, Melee} (curse)
MPRegen 0.16/turn               y - ring of the Perceptive Planets {Str+3 Dex+6, Fort, Evo} (curse)

@: corroded, studying Necromancy
A: (nimble swimmer 2), mertail, berserk 1, deformed body, deterioration 1, dopey
1, screaming 1, weak 1, subdued magic 1
}: 2/15 runes: decaying, serpentine
a: Renounce Religion, Evoke Invisibility, Shatter the Chains


You were on level 4 of the Pits of Slime.
You worshipped Ashenzari.
Ashenzari was exalted by your worship.
You visited 5 branches of the dungeon, and saw 33 of its levels.
You also visited: Bailey, Gauntlet and Ice Cave.

You collected 3622 gold pieces.
You spent 1393 gold pieces at shops.

Inventory:

Hand Weapons
 v - the cursed +8 spear "Gaze Upon Infinity" (weapon) {pain, rN+ Will++ rCorr, Cun, Evo}
   (You found it on level 4 of the Snake Pit)

   In the hands of one skilled in necromantic magic, it inflicts extra damage on
   living creatures.
   rN:        It protects you from negative energy.
   rCorr:     It protects you from acid and corrosion.
   Will:      It greatly increases your willpower.
   It has a curse which improves the following skills: Cunning: Dodging and
   Stealth.
   Evocations: Evocations.
 E - a +2 trident of pain
 J - a +7 trident of electrocution
Missiles
 d - a throwing net
 e - 36 javelins (quivered)
 w - 8 silver boomerangs
 Q - 6 silver javelins
Armour
 b - the cursed +5 kite shield "At What Cost Knowledge?" (worn) {rN+, Range, Melee}
   (You took it off a naga warrior on level 1 of the Snake Pit)

   It has a curse which improves the following skills: Ranged Combat: Ranged
   Weapons and Throwing.
   Melee Combat: Short Blades, Long Blades, Axes, Maces & Flails, Polearms,
   Staves and Unarmed Combat.
 c - the cursed +0 helmet "Gaze Upon Infinity" (worn) {Cun, Bglg}

   It has a curse which improves the following skills: Cunning: Dodging and
   Stealth.
   Beguiling: Conjurations, Hexes and Translocations.
 r - the cursed +0 pair of boots "Lashed Bitterness" (worn) {Cun, Bglg}
   (You found it on level 4 of the Dungeon)

   It has a curse which improves the following skills: Cunning: Dodging and
   Stealth.
   Beguiling: Conjurations, Hexes and Translocations.
 s - the cursed scarf of the Shattered God (worn) {rC+ rF+, Evo, Melee}
   (You bought it in a shop on level 3 of the Snake Pit)

   It has a curse which improves the following skills: Evocations: Evocations.
   Melee Combat: Short Blades, Long Blades, Axes, Maces & Flails, Polearms,
   Staves and Unarmed Combat.
 L - the cursed +0 storm dragon scales of Ashenzari's Dismay (worn) {+Inv rElec rN+ Will+, Fort, Evo}
   (You found it on level 10 of the Dungeon)

   rElec:     It insulates you from electricity.
   rN:        It protects you from negative energy.
   +Inv:      It lets you turn invisible.
   Will:      It increases your willpower.
   It has a curse which improves the following skills: Fortitude: Armour and
   Shields.
   Evocations: Evocations.
 M - the cursed +0 pair of gloves of the Esoteric Failure (worn) {Dex+3, Cun, Self}
   (You found it in a Gauntlet)

   It has a curse which improves the following skills: Cunning: Dodging and
   Stealth.
   Introspection: Fighting and Spellcasting.
Jewellery
 a - a ring of protection from fire
 x - the cursed amulet "Esoteric Incredulity" (around neck) {Reflect SH+5, Self, Evo}
   (You took it off an orc priest on level 9 of the Dungeon)

   [amulet of reflection]

   It reflects blocked missile attacks.
   SH:        It affects your SH (+5).
   It has a curse which improves the following skills: Introspection: Fighting
   and Spellcasting.
   Evocations: Evocations.
 y - the cursed ring of the Perceptive Planets (right hand) {Str+3 Dex+6, Fort, Evo}
   (You acquired it on level 7 of the Dungeon)

   [ring of dexterity]

   Str:       It affects your strength (+3).
   Dex:       It affects your dexterity (+6).
   It has a curse which improves the following skills: Fortitude: Armour and
   Shields.
   Evocations: Evocations.
 N - the cursed ring of the Fated Paranoia (left hand) {*Slow rCorr Str+6 Dex+4 Slay+6, Comp, Melee}
   (You found it in an ice cave)

   [ring of strength]

   Str:       It affects your strength (+6).
   Dex:       It affects your dexterity (+4).
   Slay:      It affects your accuracy & damage with ranged weapons and melee
   (+6).
   rCorr:     It protects you from acid and corrosion.
   *Slow:     It may slow you when you take damage.
   It has a curse which improves the following skills: Companions: Summonings
   and Necromancy.
   Melee Combat: Short Blades, Long Blades, Axes, Maces & Flails, Polearms,
   Staves and Unarmed Combat.
 O - the ring of Equivalence {MP+9 Str+2}
   (You found it on level 1 of the Swamp)

   [ring of magical power]

   Str:       It affects your strength (+2).
   MP:        It affects your magic capacity (+9).
 R - a +6 ring of strength
 S - a +6 ring of intelligence
 T - a +4 ring of evasion
Wands
 f - a wand of roots (20)
 l - a wand of digging (27)
 n - a wand of flame (16)
 p - a wand of polymorph (19)
 q - a wand of charming (26)
 z - a wand of acid (2)
 K - a wand of mindburst (8)
Scrolls
 g - 10 scrolls of teleportation
 m - a scroll of silence
 t - 4 scrolls of amnesia
 A - 2 scrolls of summoning
 C - 8 scrolls of fog
 D - a scroll of brand weapon
 F - 2 scrolls of enchant armour
 G - a scroll of fear
 P - 3 scrolls of magic mapping
 U - a scroll of enchant weapon
Potions
 h - 9 potions of curing
 i - 2 potions of magic
 j - 2 potions of brilliance
 k - 5 potions of haste
 o - 8 potions of flight
 u - 5 potions of cancellation
 B - 4 potions of might
 H - 2 potions of resistance
 I - 6 potions of heal wounds
 V - a potion of berserk rage


   Skills:
 + Level 19.0(22.6) Fighting
 + Level 18.8(23.6) Polearms
 + Level 14.6(17.1) Throwing
 + Level 11.3(15.2) Armour
 + Level 18.8(24.7) Dodging
 + Level 7.1(11.1) Shields
 + Level 14.1(21.3) Evocations


You had 17 spell levels left.
You knew the following spells:

 Your Spells              Type           Power      Damage    Failure   Level
a - Static Discharge      Conj/Air       0%         3-3/arc   99%         2

Your spell library contained the following spells:

 Spells                   Type           Power      Damage    Failure   Level
 Apportation              Tloc           0%         N/A       96%         1
 Slow                     Hex            0%         N/A       96%         1
 Necrotise                Necr           0%         1d4       97%         1
 Summon Small Mammal      Summ           0%         N/A       97%         1
 Blink                    Tloc           0%         N/A       99%         2
 Ensorcelled Hibernation  Hex/Ice        0%         N/A       99%         2
 Passwall                 Tmut/Erth      0%         N/A       99%         2
 Confusing Touch          Hex            0%         N/A       100%        3
 Ignite Poison            Fire/Tmut/Pois 0%         N/A       100%        3
 Lesser Beckoning         Tloc           0%         N/A       100%        3
 Mephitic Cloud           Conj/Pois/Air  0%         N/A       100%        3
 Spider Form              Tmut/Pois      0%         N/A       100%        3
 Swiftness                Air            0%         N/A       100%        3
 Vampiric Draining        Necr           0%         2d6       100%        3
 Anguish                  Hex/Necr       0%         N/A       100%        4
 Animate Dead             Necr           0%         N/A       100%        4
 Dispel Undead            Necr           0%         3d6       100%        4
 Passage of Golubria      Tloc           0%         N/A       100%        4
 Petrify                  Tmut/Erth      0%         N/A       100%        4
 Sticky Flame             Conj/Fire      0%         2d3       100%        4
 Alistair's Intoxication  Tmut/Pois      0%         N/A       100%        5
 Blade Hands              Tmut           0%         N/A       100%        5
 Freezing Cloud           Conj/Ice/Air   0%         6-21      100%        5
 Irradiate                Conj/Tmut      0%         3d11      100%        5
 Iskenderun's Battlesphe  Conj           0%         2d6       100%        5
 Manifold Assault         Tloc           0%         N/A       100%        5
 Metabolic Englaciation   Hex/Ice        0%         N/A       100%        5
 Silence                  Hex/Air        0%         N/A       100%        5
 Summon Forest            Summ/Tloc      0%         N/A       100%        5
 Summon Mana Viper        Hex/Summ       0%         N/A       100%        5
 Yara's Violent Unravell  Hex/Tmut       0%         3d3       100%        5
 Iron Shot                Conj/Erth      0%         9d1       100%        6
 Statue Form              Tmut/Erth      0%         N/A       100%        6
 Summon Cactus Giant      Summ           0%         N/A       100%        6
 Dragon Form              Tmut           0%         N/A       100%        7
 Enfeeble                 Hex            0%         N/A       100%        7
 Haunt                    Necr/Summ      0%         N/A       100%        7
 Malign Gateway           Summ/Tloc      0%         N/A       100%        7
 Spellforged Servitor     Conj/Summ      0%         N/A       100%        7
 Infestation              Necr           0%         N/A       100%        8
 Lehudib's Crystal Spear  Conj/Erth      0%         10d2      100%        8
 Summon Horrible Things   Summ           0%         N/A       100%        8


Dungeon Overview and Level Annotations

Branches:
Dungeon (15/15)            Temple (0/1) D:5            Lair (5/5) D:11
  Swamp (4/4) Lair:3        Snake (4/4) Lair:2        Slime (5/5) Lair:4
    Orc (0/2) D:12         Vaults (0/5) D:14         Bailey (visited)
  IceCv (visited)         Gauntlet (visited)
 Depths: D:15

Altars:
Ashenzari
Dithmenos
Elyvilon
Fedhas
Gozag
Hepliaklqana
Kikubaaqudgha
Nemelex Xobeh
Okawaru
Trog
Xom
Yredelemnul

Shops:
D:1 !   D:7 *   D:10 *   D:11 *(*:   D:14 (   Snake:3 *

Annotations:
D:9 1 transporter


Innate Abilities, Weirdness & Mutations

((You are very nimble when in or above water. (Stealth+, EV+, Speed+++)))
Your lower body shifts to a powerful aquatic tail in water.
You sometimes lose your temper in combat.
Armour fits poorly on your strangely shaped body.
Your body sometimes deteriorates upon taking damage.
You are dopey. (Int -2)
You occasionally shout uncontrollably at your foes.
You are weak. (Str -2)
Your spells are a little easier to cast, but a little less powerful.


Message History

The acid blob is heavily wounded.
You block the rockslime's attack.
You barely miss the acid blob.
The acid blob is heavily wounded.
You block the acid blob's attack. You block the rockslime's attack.
You puncture the acid blob!
Your hands burn!
The acid blob is heavily wounded.
The acid blob misses you.
You puncture the acid blob!
Your hands burn!
The acid blob is severely wounded.
You block the rockslime's attack. You block the acid blob's attack.
You puncture the acid blob!
Your hands burn!
The acid blob is severely wounded.
You block the rockslime's attack.
You completely miss the acid blob.
The acid blob is severely wounded.
You are no longer corroded.
The acid blob spits acid at you. The splash of acid hits you! You resist.
* * * LOW HITPOINT WARNING * * *
The acid corrodes you! You block the rockslime's attack.
You hit the acid blob but do no damage.
Your hands burn!
* * * LOW HITPOINT WARNING * * *
The acid blob is severely wounded.
You block the acid blob's attack.
Unknown command.
You hit the rockslime.
The rockslime is lightly wounded.
You block the rockslime's attack.
You puncture the rockslime!
The rockslime is moderately wounded.
The acid blob completely misses you. You block the rockslime's attack.
You hit the rockslime but do no damage.
The rockslime is moderately wounded.
The acid blob hits you.
* * * LOW HITPOINT WARNING * * *
The acid corrodes you!
You are splashed with acid.
You resist.
* * * LOW HITPOINT WARNING * * *
The rockslime hits you!!!
You die...

##*#### ,**
#####.#.#.## * ,
*###.#........#
,,,
*#............##
,* ..............#
* ,,,
.............#* ,,
,#......J@...##
,,,
.........J.#.## *,
, ..............#
,,
,...........#.## *
, * ............##
,,*.............##
* ,..#...........#
** .............##
* ,.#...........##


You could see an acid blob and a rockslime.

Vanquished Creatures
  Vashnia (Snake:3)
  A tentacled monstrosity (Swamp:1)
  Rupert (D:15)
  2 acid blobs
  2 thorn hunters (Swamp:4)
  Frances (D:14)
  5 rockslimes
  4 fenstrider witches
  3 azure jellies
  Aizul (Swamp:4)
  3 ghouls (Swamp:4)
  3 quicksilver oozes (Slime:1)
  2 vampire knights (Swamp:4)
  7 eleionomae
  A minotaur (Gauntlet)
  3 bunyips
  The ghost of Feulaj the Severer, a journeyman MiBe of Trog (Lair:3)
  3 shambling mangroves (Swamp:4)
  2 fire dragons
  3 boulder beetles
  2 ghost crabs
  A spriggan air mage (Swamp:3)
  4 salamander tyrants (Snake:4)
  2 catoblepae (Lair:5)
  6 two-headed ogres
  3 centaur warriors (D:13)
  18 hydras
  13 naga warriors
  Erica (D:11)
  22 anacondas
  A death scarab (Gauntlet)
  12 alligators
  8 death yaks
  A tengu warrior (D:14)
  16 naga sharpshooters
  8 spriggans
  4 shock serpents
  Nergalle (Lair:3)
  Amaemon (Lair:2)
  A spectral death yak (Gauntlet)
  3 goliath frogs
  4 salamander mystics
  7 spriggan druids
  2 bog bodies
  5 spectral hydras (Swamp:4)
  4 wizards
  2 deep elf pyromancers
  6 lindwurms
  11 swamp dragons
  A phantasmal warrior (Swamp:4)
  A necromancer (IceCv)
  9 naga ritualists
  5 shining eyes
  4 manticores
  6 ugly things
  16 mana vipers
  16 salamanders
  3 oklob plants (Swamp:4)
  6 cyclopes
  27 black mambas
  4 will-o-the-wisps
  16 naga magi
  17 elephants
  An apocalypse crab (Gauntlet)
  A torpor snail (Lair:5)
  7 guardian serpents
  An ice statue (IceCv)
  An orange demon (Lair:2)
  8 cane toads
  6 rime drakes
  An unseen horror (D:12)
  Psyche (D:8)
  3 kobold demonologists (D:14)
  9 komodo dragons
  2 gargoyles (D:9)
  An anaconda simulacrum (IceCv)
  14 ice devils (IceCv)
  6 freezing wraiths
  A tengu conjurer (D:14)
  10 trolls
  2 hydra zombies (Swamp:4)
  A death drake zombie (Swamp:4)
  8 tyrant leeches
  15 hornets
  2 hydra skeletons (Swamp:4)
  A polar bear (Lair:1)
  40 slime creatures
  A blink frog (shapeshifter) (D:10)
  19 blink frogs
  3 dire elephant simulacra (IceCv)
  3 vampires
  3 shadows (D:9)
  Sigmund (D:5)
  5 wyverns
  2 wraiths
  Grum (D:10)
  44 yaks
  9 vampire mosquitoes
  5 steam dragons
  7 basilisks
  7 death yak simulacra
  Menkaure (D:7)
  31 nagas
  13 swamp worms
  Edmund (D:5)
  A harpy simulacrum (IceCv)
  A hydra simulacrum (Swamp:4)
  Duvessa (D:5)
  5 acid dragons
  21 water moccasins
  5 sky beasts
  5 swamp drakes
  5 ogres
  16 orc warriors
  3 swamp dragon zombies (Swamp:4)
  2 ice beasts (D:5)
  42 wolves
  11 centaurs
  3 phantoms
  8 kobold brigands
  10 bullfrogs
  5 gnoll sergeants
  4 scorpions
  4 necrophages
  5 cane toad simulacra (IceCv)
  A two-headed ogre simulacrum (IceCv)
  9 wights
  Dowan (D:5)
  5 elephant simulacra (IceCv)
  3 killer bees
  5 electric eels
  8 howler monkeys
  3 hounds
  A jelly (D:5)
  2 gnoll boudas
  5 orc priests
  10 iguanas
  6 orc wizards
  4 polar bear simulacra
  A troll simulacrum (IceCv)
  3 wolf simulacra (IceCv)
  25 gnolls
  2 naga simulacra (IceCv)
  3 adders
  3 shadow imps
  2 white imps (IceCv)
  2 ufetubi
  A worm (D:5)
  37 orcs
  3 endoplasms
  2 giant cockroaches
  5 goblins
  6 hobgoblins
  2 jackals (D:1)
  26 kobolds
  3 quokkas
  6 ball pythons
  7 bats
  3 frilled lizards
  4 rats
1013 creatures vanquished.

Vanquished Creatures (others)
  A hydra (Swamp:3)
  A naga warrior (Snake:3)
  A goliath frog (Swamp:1)
  A black mamba (Snake:1)
  A hornet (Swamp:1)
  3 bloated husks
  A naga (Snake:3)
  8 foxfires
  17 fungi
  54 plants
88 creatures vanquished.

Grand Total: 1101 creatures vanquished

Notes
Turn   | Place    | Note
-------+----------+-------------------------------------------
     0 | D:1      | qeuew the Merfolk Gladiator began the quest for the Orb.
     0 | D:1      | Reached XP level 1. HP: 16/16 MP: 1/1
    14 | D:1      | Found Dannydgh's Distillery.
   175 | D:1      | Reached XP level 2. HP: 23/23 MP: 2/2
   618 | D:1      | You fall into a shaft and drop 1 floor!
   702 | D:1      | Reached XP level 3. HP: 28/28 MP: 3/3
  1116 | D:1      | Bought a potion of might for 52 gold pieces
  1116 | D:1      | Bought a potion of degeneration for 13 gold pieces
  1454 | D:2      | Found a faded altar of an unknown god.
  1951 | D:3      | Reached XP level 4. HP: 20/34 MP: 4/4
  2123 | D:3      | Reached skill level 1 in Armour
  2131 | D:3      | Reached skill level 3 in Fighting
  2146 | D:3      | Reached XP level 5. HP: 5/41 MP: 5/5
  2462 | D:3      | Reached skill level 5 in Polearms
  2462 | D:3      | Reached skill level 5 in Dodging
  2639 | D:3      | Found a broken altar of Ashenzari.
  2650 | D:3      | Became a worshipper of Ashenzari the Shackled
  2670 | D:3      | Found an opulent altar of Gozag.
  2670 | D:3      | Found a blossoming altar of Fedhas.
  2678 | D:3      | Found a white marble altar of Elyvilon.
  2680 | D:3      | Found a faded altar of an unknown god.
  2682 | D:3      | Found a faded altar of an unknown god.
  2743 | D:3      | Noticed a phantom
  2762 | D:3      | Killed a phantom
  2763 | D:3      | Reached XP level 6. HP: 9/47 MP: 6/6
  3320 | D:4      | Identified the +1 robe of the Amoeba {Will+}
  3485 | D:4      | Found an ancient bone altar of Kikubaaqudgha.
  3802 | D:4      | Found an iron altar of Okawaru.
  4305 | D:4      | Reached skill level 4 in Fighting
  4305 | D:4      | Reached XP level 7. HP: 13/54 MP: 7/7
  4618 | D:4      | Found a shimmering altar of Xom.
  4843 | D:4      | Learned a level 2 spell: Static Discharge
  4890 | D:5      | Entered Level 5 of the Dungeon
  4890 | D:5      | Noticed Sigmund
  4890 | D:5      | Noticed Edmund
  4964 | D:5      | Killed Sigmund
  4965 | D:5      | Killed Edmund
  4966 | D:5      | Reached skill level 1 in Evocations
  5130 | D:5      | Reached * piety under Ashenzari
  5292 | D:5      | Reached XP level 8. HP: 46/61 MP: 8/8
  5548 | D:5      | Found a staircase to the Ecumenical Temple.
  5587 | D:5      | Noticed Duvessa
  5587 | D:5      | Noticed Dowan
  5601 | D:5      | Killed Duvessa
  5612 | D:5      | Killed Dowan
  5724 | D:5      | Identified the +10 mace of Omnih {venom, rPois}
  5748 | D:5      | Found a shadowy altar of Dithmenos.
  5773 | D:5      | Reached skill level 5 in Fighting
  6060 | D:5      | Reached ** piety under Ashenzari
  6460 | D:6      | Reached skill level 5 in Throwing
  6483 | D:5      | Reached XP level 9. HP: 25/71 MP: 9/9
  7890 | D:6      | Reached skill level 6 in Fighting
  8575 | D:7      | Reached *** piety under Ashenzari
  8683 | D:7      | Noticed Menkaure
  8689 | D:7      | Killed Menkaure
  9031 | D:7      | Found Baic's Assorted Antiques.
  9299 | D:7      | Bought a scroll labelled CIUVEMP DYNY for 26 gold pieces
  9306 | D:7      | Bought a scroll labelled WAATRUINAM for 26 gold pieces
  9688 | D:7      | Identified the cursed +0 pair of boots "Lashed Bitterness"
                  | {Cun, Bglg} (You found it on level 4 of the Dungeon)
  9843 | D:7      | Acquired the ring "Urowifra" {Str+3 Dex+6}
  9924 | D:8      | Reached XP level 10. HP: 27/81 MP: 10/10
 10211 | D:8      | Identified the +1 scale mail "Ompiw" {*Corrode rPois Will+
                  | Slay+4}
 10271 | D:8      | Noticed Psyche
 10309 | D:8      | Identified the cursed +0 trident of Ashenzari's Blue Moon
                  | {Self, Melee}
 10309 | D:8      | Identified the cursed +0 helmet "Gaze Upon Infinity" {Cun,
                  | Bglg}
 10309 | D:8      | Identified the cursed ring "Shattered Together" {Str+6,
                  | Comp, Melee} (You found it on level 1 of the Dungeon)
 10455 | D:8      | Reached skill level 7 in Fighting
 10482 | D:8      | Reached skill level 5 in Evocations
 10499 | D:8      | HP: 1/82 [acid dragon/splash of acid (35)]
 11106 | D:8      | Killed Psyche
 11171 | D:8      | Noticed a cyclops
 11186 | D:8      | Killed a cyclops
 12261 | D:9      | Reached skill level 5 in Armour
 12386 | D:9      | Reached XP level 11. HP: 61/89 MP: 11/11
 12405 | D:9      | Reached skill level 10 in Dodging
 12437 | D:9      | Reached skill level 10 in Polearms
 12453 | D:9      | Reached skill level 8 in Fighting
 12471 | D:9      | Noticed a two-headed ogre
 12812 | D:9      | Killed a two-headed ogre
 13312 | D:9      | Noticed a two-headed ogre
 13321 | D:9      | Killed a two-headed ogre
 13477 | D:9      | Noticed a manticore
 13492 | D:9      | Killed a manticore
 13702 | D:9      | Noticed a red ugly thing
 13715 | D:9      | Killed a red ugly thing
 13919 | D:9      | Noticed an eight-headed hydra
 13921 | D:9      | Noticed a boulder beetle
 13935 | D:9      | Killed an eight-headed hydra
 14004 | D:9      | Killed a boulder beetle
 14275 | D:9      | Noticed a cyclops
 14279 | D:9      | Noticed a fire dragon
 14295 | D:9      | Killed a cyclops
 14296 | D:9      | Reached skill level 9 in Fighting
 14296 | D:9      | Reached XP level 12. HP: 61/95 MP: 12/12
 14313 | D:9      | Killed a fire dragon
 14644 | D:9      | Found a sparkling altar of Nemelex Xobeh.
 14644 | D:9      | Found a transporter.
 14644 | D:9      | Noticed a centaur warrior
 14885 | D:10     | Entered Level 10 of the Dungeon
 14928 | D:10     | Found Edyw's General Store.
 14936 | D:10     | Found a flagged portal.
 14950 | Bailey   | Entered a bailey
 15764 | Bailey   | Reached skill level 10 in Fighting
 15764 | Bailey   | Reached XP level 13. HP: 108/108 MP: 13/13
 15795 | D:10     | Reached **** piety under Ashenzari
 16153 | D:10     | Identified Daqohep's Enchiridion on Transmuted Blows and
                  | Bruises
 16153 | D:10     | Identified the +0 storm dragon scales of Jishric {+Inv
                  | rElec rN+ Will+}
 16153 | D:10     | Identified the +0 scale mail of Olaun {Harm rF+}
 16266 | D:10     | Reached skill level 11 in Fighting
 16393 | D:10     | Found a bloodstained altar of Trog.
 16393 | D:10     | Found a hazy altar of Hepliaklqana.
 16496 | D:10     | Noticed Grum
 16520 | D:10     | Killed Grum
 16874 | D:11     | Found a staircase to the Lair.
 18205 | D:11     | Noticed Erica
 18234 | D:11     | Killed Erica
 18457 | D:11     | Found Qukhlek's General Store.
 18458 | D:11     | Found Ico Seb's Weapon Emporium.
 18477 | D:11     | Found Guharola's Book Boutique.
 18725 | D:11     | Found Sasoblac's Assorted Antiques.
 18733 | D:11     | Bought a shimmering plate armour for 700 gold pieces
 18733 | D:11     | Identified the +4 plate armour of Keeff {Dex+5} (You bought
                  | it in a shop on level 11 of the Dungeon)
 18758 | D:11     | Reached skill level 12 in Fighting
 18978 | D:11     | Acquired a +1 demon trident of draining
 19014 | Lair:1   | Entered Level 1 of the Lair of Beasts
 19061 | Lair:1   | Found a gate leading to a gauntlet.
 19072 | Gauntlet | Entered a Gauntlet
 19072 | Gauntlet | Found a transporter.
 19072 | Gauntlet | Found a transporter.
 19072 | Gauntlet | Found a transporter.
 19074 | Gauntlet | Found a transporter.
 19075 | Gauntlet | Found a transporter.
 19078 | Gauntlet | Found a transporter.
 19095 | Gauntlet | Found a transporter.
 19102 | Gauntlet | Found a transporter.
 19104 | Gauntlet | Found a transporter.
 19105 | Gauntlet | Found a transporter.
 19109 | Gauntlet | Noticed a dire elephant
 19113 | Gauntlet | Found a transporter.
 19119 | Gauntlet | Found a transporter.
 19176 | Gauntlet | Reached XP level 14. HP: 120/120 MP: 14/14
 19185 | Gauntlet | Reached skill level 10 in Throwing
 19185 | Gauntlet | Reached ***** piety under Ashenzari
 19202 | Gauntlet | Found a runed translucent door.
 19303 | Gauntlet | Identified the +2 troll leather armour "Arrauf" {rC+
                  | Regen+}
 20234 | Lair:1   | Acquired 927 gold pieces
 20350 | Lair:2   | Found a staircase to the Snake Pit.
 20518 | Lair:2   | Noticed Amaemon
 20525 | Lair:2   | Reached skill level 13 in Fighting
 20530 | Lair:2   | Killed Amaemon
 21090 | Lair:3   | Noticed Nergalle
 21155 | Lair:3   | Killed Nergalle
 21433 | Lair:3   | Found a runed translucent door.
 21434 | Lair:3   | Noticed Feulaj's ghost (journeyman MiBe)
 21458 | Lair:3   | Killed Feulaj's ghost
 21711 | Lair:3   | Found a staircase to the Swamp.
 21764 | Lair:3   | Reached skill level 10 in Evocations
 22083 | Lair:4   | Found a frozen archway.
 22114 | IceCv    | Entered an ice cave
 22661 | IceCv    | Reached XP level 15. HP: 134/134 MP: 15/15
 22680 | IceCv    | Reached skill level 14 in Fighting
 23285 | IceCv    | Identified the ring "Nizxack" {*Slow rCorr Str+6 Dex+4
                  | Slay+6}
 23547 | IceCv    | Found an ancient bone altar of Kikubaaqudgha.
 24391 | Lair:4   | Found a staircase to the Slime Pits.
 24557 | Lair:5   | Entered Level 5 of the Lair of Beasts
 25121 | Lair:5   | Reached skill level 15 in Polearms
 25335 | Lair:5   | Identified the +7 shortbow of the Ship {venom, Dex+3}
 25372 | Lair:5   | Reached skill level 15 in Dodging
 25429 | Lair:5   | Reached skill level 15 in Fighting
 26093 | Snake:1  | Entered Level 1 of the Snake Pit
 26611 | Snake:2  | Reached XP level 16. HP: 65/145 MP: 16/16
 27939 | Snake:2  | Reached skill level 16 in Fighting
 28860 | Snake:3  | Noticed Vashnia
 30231 | Snake:3  | Found Padaot's Neck Hole.
 30252 | Snake:3  | Bought a scarf of resistance for 576 gold pieces
 31034 | Snake:3  | Reached skill level 17 in Fighting
 31171 | Snake:4  | Entered Level 4 of the Snake Pit
 31336 | Snake:4  | Reached XP level 17. HP: 153/155 MP: 17/17
 31458 | Snake:3  | Killed Vashnia
 31743 | Snake:4  | Reached ****** piety under Ashenzari
 32183 | Snake:4  | Identified the +8 spear of the Decaying God {pain, rN+
                  | Will++ rCorr}
 32246 | Snake:4  | Reached skill level 1 in Shields
 33186 | Snake:4  | Reached skill level 10 in Armour
 35099 | Snake:4  | Got a serpentine rune of Zot
 35346 | Swamp:1  | Entered Level 1 of the Swamp
 35613 | Swamp:1  | Reached skill level 18 in Fighting
 36371 | Swamp:1  | Noticed a tentacled monstrosity
 36372 | Swamp:1  | Identified the ring of Equivalence {MP+9 Str+2}
 36638 | Swamp:1  | Killed a tentacled monstrosity
 36729 | Swamp:2  | Reached XP level 18. HP: 166/166 MP: 18/18
 39165 | Swamp:4  | Entered Level 4 of the Swamp
 39381 | Swamp:4  | Reached skill level 5 in Shields
 39800 | Swamp:4  | Identified the Collected Works on Transformation
 40280 | Swamp:4  | Noticed Aizul
 40544 | Swamp:4  | Killed Aizul
 41216 | Swamp:4  | Found a blossoming altar of Fedhas.
 41233 | Swamp:4  | Reached XP level 19. HP: 174/174 MP: 19/19
 41290 | Swamp:4  | Found a basalt altar of Yredelemnul.
 41302 | Swamp:4  | Got a decaying rune of Zot
 41826 | D:12     | Found a staircase to the Orcish Mines.
 43460 | D:14     | Found a gate to the Vaults.
 43759 | D:14     | Found Qoamu's Weapon Shop.
 43808 | D:14     | Noticed Frances
 43819 | D:14     | Killed Frances
 44125 | D:15     | Entered Level 15 of the Dungeon
 44170 | D:15     | Noticed Rupert
 44189 | D:15     | Killed Rupert
 44485 | Slime:1  | Entered Level 1 of the Pits of Slime
 44683 | Slime:1  | Gained mutation: Your spells are a little easier to cast,
                  | but a little less powerful. [a shining eye]
 44693 | Slime:1  | Gained mutation: You occasionally shout uncontrollably at
                  | your foes. [a shining eye]
 44703 | Slime:1  | Gained mutation: You sometimes lose your temper in combat.
                  | [a shining eye]
 45007 | Slime:1  | Gained mutation: Armour fits poorly on your strangely
                  | shaped body. [a shining eye]
 45708 | Slime:1  | Gained mutation: You are dopey. (Int -2) [a shining eye]
 45807 | Slime:2  | Gained mutation: You are weak. (Str -2) [a shining eye]
 46018 | Slime:2  | Gained mutation: Your body sometimes deteriorates upon
                  | taking damage. [a shining eye]
 46022 | Slime:2  | Reached skill level 19 in Fighting
 46450 | Slime:5  | Entered Level 5 of the Pits of Slime
 46500 | Slime:4  | Mangled by a rockslime

Illustrated notes

Levels and vault maps discovered:
D:1:      shiori_arrival_elements, layout_loops_cross, serial_shops,
          shop_fountains
D:2:      layout_basic, dreamdust_ecumenical_altar_angels_and_demons,
          serial_park_tiny_1, minmay_misc_feat_encased, minmay_fountain_box,
          minmay_indecisive_spiral
D:3:      layout_basic, cheibrodos_ashenzari_chains,
          chequers_temple_overflow_minitemple, chequers_avenue
D:4:      layout_basic, amcnicky_altar_gilded, nicolae_overflow_crystal_walls,
          lemuel_doored_altar, chequers_serial_rivers_small_3, minivault_5
D:5:      layout_basic, lemuel_crystal_altar, minmay_temple_entry_waves,
          serial_corexii_hall, corexii_hall_statues_u, corexii_hall_statues_x,
          minmay_strange_pillars, nicolae_concentric_dashed_squares_wild,
          dk_rats_in_the_wall, uniq_sigmund, uniq_duvessa, uniq_edmund
D:6:      layout_basic
D:7:      layout_basic, serial_shops, nicolae_square_shop, grunt_decor_junction,
          uniq_menkaure
D:8:      layout_rooms, serial_co_window_serial, co_window_paths_b,
          co_window_corner_a, co_window_of_opportunity_a, co_window_corner_a,
          co_window_of_opportunity_a, co_window_of_opportunity_a,
          co_window_cross_1, co_window_of_opportunity_a,
          co_window_of_opportunity_a, co_window_broadway_b,
          co_window_broadway_a, co_window_corner_ca, co_window_of_opportunity_c,
          co_window_2corner, co_window_corner_ca, glass_columns_a,
          glass_columns_c, glass_columns_a, glass_columns_c, glass_columns_a,
          kennysheep_just_a_vault, uniq_psyche
D:9:      hangedman_cross_veins, layout_long_grid, grunt_nemelex_the_gamble,
          minmay_alternating_orb
D:10:     layout_stronghold, mainiacjoe_overflow_divided_tiny, enter_bailey_6,
          serial_shops, nicolae_shop_stone, minmay_the_grid_2x2
          [minmay_the_grid_slots, minmay_the_grid_mess, minmay_the_grid_empty,
          minmay_the_grid_prize_shrinking_boxes], uniq_grum
D:11:     layout_big_octagon, dpeg_lair_monsters, serial_shops,
          nicolae_shop_hallway_plus, shop, nicolae_shop_crystal, shop_fountains,
          uniq_erica
D:12:     layout_grid_maze, kennysheep_orc_monster_closet_entryway, drop_trap
D:13:     layout_basic
D:14:     layout_loops_cross, david_vaults_1, serial_shops,
          nicolae_stop_n_shop_2, kennysheep_small_spiral, grunt_decor_fettered,
          kennysheep_generic_room_15, uniq_frances
D:15:     hangedman_depths_entry_try_elsewhere_first, layout_stronghold,
          corexii_corridor_pit, minivault_11, minmay_diamond_spiral, uniq_rupert
Lair:1:   dreamdust_cave_troll, layout_regular_city, gauntlet_entry_generic
Lair:2:   layout_loops_ring, guppyfry_snake_entry_island, beast_lair_carwin_11,
          uniq_amaemon
Lair:3:   layout_gridlike, minmay_swamp_entry_worms,
          hellmonk_ghost_happy_afterlife, grunt_forest_large_clearings,
          uniq_nergalle
Lair:4:   layout_hall_layers, dpeg_slime_entry_corner,
          portal_ice_cave_entry_ice_simulacra, infiniplex_staircase_pool,
          grunt_megastairs_1, serial_bayou_shore_a
Lair:5:   guppyfry_lair_end_dragon, layout_regular_city,
          hangedman_lair_in_review
Swamp:1:  cheibrodos_swamp_monstrosity, layout_basic_swamp, serial_swamp_ruin,
          evilmike_swamp_ruin_house_3, evilmike_swamp_ruin_house_1,
          evilmike_swamp_ruin_house_5
Swamp:2:  layout_basic_swamp, evilmike_swamp_ruin_rubble_1
Swamp:3:  layout_basic_swamp, hangedman_swamp_cone
Swamp:4:  byrel_swamp_growth_death_and_undeath, layout_basic_swamp,
          grunt_hermit_hut, uniq_aizul
Snake:1:  layout_misc_corridors, serial_bayou_shore_b
Snake:2:  layout_onion_interference, nicolae_integral_box
Snake:3:  layout_chambers, nicolae_shop_sticking_my_neck_out,
          grunt_megastairs_4, uniq_vashnia
Snake:4:  snake_pit_salamanders_mu, layout_misc_corridors
Slime:1:  layout_caves, cheibrodos_slime_lost_civilization_7
Slime:2:  layout_caves
Slime:3:  cheibrodos_slime_lost_civilization_10, layout_caves
Slime:4:  layout_caves
Slime:5

Skill      XL: |  1  2  3  4  5  6  7  8  9 10 11 12 13 14 15 16 17 18 19 |
---------------+----------------------------------------------------------+-----
Armour         | 1 2 3 4 5 6 7 8 9 10 11 | 11.3
Fighting       | 3 4 5 6 7 9 10 12 13 15 17 18 19 | 19.0
Polearms       | 5 6 7 8 9 11 12 13 14 15 16 17 18 | 18.8
Dodging        | 5 6 7 8 9 11 12 13 14 15 16 17 18 | 18.8
Throwing       | 3 4 5 6 7 8 9 11 12 13 14 | 14.6
Evocations     | 1 3 4 5 7 8 9 10 11 12 13 14 | 14.1
Shields        | 3 5 7 |  7.1

Action                   |  1- 3 |  4- 6 |  7- 9 | 10-12 | 13-15 | 16-18 | 19-21 || total
-------------------------+-------+-------+-------+-------+-------+-------+-------++-------
Melee: Trident           |   120 |   110 |   461 |   572 |   379 |       |       ||  1642
       Punch             |       |     4 |     9 |     8 |    21 |     1 |       ||    43
       Tailslap          |       |       |     1 |       |    10 |    43 |       ||    54
       Demon trident     |       |       |       |       |  1134 |   469 |       ||  1603
       Spear             |       |       |       |       |       |  1005 |   771 ||  1776
Throw: Javelin           |     1 |     5 |     5 |     9 |     1 |   181 |       ||   202
       Throwing net      |       |       |       |     1 |       |     1 |       ||     2
Invok: Curse Item        |       |       |     5 |     2 |     5 |     2 |     1 ||    15
       Shatter the Chain |       |       |       |     2 |     2 |     1 |       ||     5
Evoke: Wand              |       |       |       |       |       |    12 |       ||    12
  Use: Scroll            |     7 |       |     3 |     2 |     4 |    18 |       ||    34
       Potion            |     1 |     1 |     5 |     3 |     1 |     6 |     1 ||    18
 Stab: Held in net/web   |       |       |       |     2 |       |       |       ||     2
       Distracted        |       |       |       |     1 |     1 |       |       ||     2
       Confused          |       |       |       |       |     1 |       |       ||     1
Armor: Leather armour    |    12 |       |       |       |       |       |       ||    12
       Ring mail         |    25 |    25 |    99 |     3 |       |       |       ||   152
       Scale mail        |       |       |       |    71 |    10 |       |       ||    81
       Skin              |       |       |       |     1 |       |       |       ||     1
       Storm dragon scal |       |       |       |       |   248 |   205 |    43 ||   496
Dodge: Dodged            |    74 |    67 |   368 |   306 |  1006 |   859 |   293 ||  2973
Block: Other             |       |       |       |    64 |   264 |    30 |       ||   358
       Reflection        |       |       |       |     1 |     4 |    97 |    19 ||   121
       Kite shield       |       |       |       |       |       |  1209 |   602 ||  1811
